AoeStats
← owengold23

Hideout

508190025Analyzed
1v1 RM · 12d ago on Sep 21, 2026· 45m 21s· 2 players
Game mode
Random Map
Map size
Tiny (2 player)
Population
200
Speed
Normal
Resources
Standard
Victory
Conquest
Starting age
Dark Age
Ending age
Imperial Age
RankedLock teamsTeams togetherTeam positionsShared explorationLock speedFull tech treeHidden civsTurbo modeCheats
Victory
Defeat
🇦🇺 Poles · Australia
1640
+14
🇫🇷 Celts · France
1597
-14
berber.sinan
10:11 Feudal Age
8:44 Loom
10:29 Feudal Age
11:52 Double-Bit Axe
12:03 Horse Collar
14:46 Castle Age
15:47 Bow Saw
18:19 Wheelbarrow
21:51 Stone Mining
24:26 Hand Cart
24:00 Town Watch
26:45 Heavy Plow
27:24 Scale Mail Armor
30:31 Imperial Age
29:18 Chain Mail Armor
28:44 Pikeman
29:10 Arson
31:43 Siege Engineers
31:08 Onager
31:09 Capped Ram
31:19 Capped Ram
32:34 Conscription
32:11 Heavy Scorpion
33:27 Siege Ram
35:02 Pikeman
35:27 Arson
36:47 Elite Woad Raider
38:42 Furor Celtica
40:04 Halberdier
42:33 Plate Mail Armor
42:18 Forging
owengold23
9:18 Feudal Age
10:19 Double-Bit Axe
10:15 Horse Collar
15:42 Castle Age
16:37 Bow Saw
16:34 Loom
18:13 Heavy Plow
18:03 Town Watch
20:45 Wheelbarrow
21:36 Stone Mining
24:10 Hand Cart
29:49 Imperial Age
27:57 Scale Mail Armor
28:25 Forging
28:18 Squires
29:08 Arson
29:39 Chain Mail Armor
31:11 Plate Mail Armor
31:17 Iron Casting
31:19 Crop Rotation
30:28 Elite Obuch
32:50 Chemistry
32:15 Conscription
32:49 Fletching
33:11 Masonry
33:46 Scale Barding Armor
34:41 Blast Furnace
33:53 Bloodlines
34:25 Bodkin Arrow
35:05 Chain Barding Armor
35:24 Hoardings
34:20 Light Cavalry
35:00 Husbandry
35:54 Lechitic Legacy
35:11 Sappers
35:16 Winged Hussar
37:23 Ballistics
37:04 Bracer
40:48 Siege Engineers
41:40 Padded Archer Armor
42:02 Elite Skirmisher
42:59 Leather Archer Armor
Connection lost

Rejoining the realm…

Still unreachable

The connection could not be restored.

Session expired

The server has moved on; the page needs a fresh start.